 Dungeon Crawl Stone Soup version 0.30.0-19-g36f170ea60 (webtiles) character file.

Game seed: 16148846920168562946

18 RascalDebosk the Magician (level 2, 0/23 HPs)
             Began as a Djinni Warper on May 30, 2023.
             Slain by a quokka (3 damage)
             ... on level 1 of the Dungeon.
             The game lasted 00:02:45 (454 turns).

RascalDebosk the Magician (Djinni Warper)            Turns: 454, Time: 00:02:46

Health: 0/23       AC:  3    Str: 10    XL:     2   Next: 90%
Gold:   40         EV: 11    Int: 14    God:
                   SH:  0    Dex: 12

rFire   + + .        a - +0 falchion
rCold   x . .        (no shield)
rNeg    . . .        b - +0 leather armour
rPois   ∞            (no helmet)
rElec   .            (no cloak)
rCorr   .            (no gloves)
SInv    .            (boots unavailable)
Will    .....        (no amulet)
Stlth   +            (no ring)
HPRegen 0.23/turn    (no ring)
MPRegen 0.00/turn

%: infuse magic (-1 HP)
@: flying
A: sickness immunity, fire resistance 2, cold vulnerability 1, float, innate
caster, HP casting, extra vitality 1
a: no special abilities


You were on level 1 of the Dungeon.
You visited 1 branch of the dungeon, and saw 1 of its levels.

You collected 40 gold pieces.

Inventory:

Hand Weapons
 a - a +0 falchion (weapon)
Missiles
 d - 7 boomerangs of dispersal (quivered)
Armour
 b - a +0 leather armour (worn)
Scrolls
 e - a scroll of identify {unknown}
 f - a scroll of poison {unknown}
 g - a scroll of blinking
Potions
 c - a potion of mutation {unknown}


   Skills:
 - Level 2.0 Fighting
 - Level 1.7 Long Blades
 - Level 0.7 Throwing
 - Level 1.0 Armour
 - Level 2.1 Dodging
 * Level 3.1 Spellcasting


You knew the following spells:

 Your Spells              Type           Power      Damage    Failure   Level
a - Blink                 Tloc           20%        N/A       12%         2
b - Lesser Beckoning      Tloc           20%        N/A       12%         2
c - Vhi's Electric Charg  Tloc/Air       20%        N/A       24%         3
d - Teleport Other        Tloc           10%        N/A       24%         3
e - Manifold Assault      Tloc           10%        N/A       61%         4
Your spell library was empty.

Dungeon Overview and Level Annotations

Branches:
Dungeon (1/15)

Altars:


Innate Abilities, Weirdness & Mutations

You are immune to sickness and miasma.
You are immune to poison.
Your flesh is very heat resistant. (rF++)
You are vulnerable to cold. (rC-)
You float through the air rather than walking.
You learn spells naturally, not from books.
Your magical power is your life essence.
You have superior vitality. (+4 MHP)


Message History

The hobgoblin hits you.
You hit the hobgoblin.
The hobgoblin is heavily wounded.
The hobgoblin barely misses you.
You barely miss the hobgoblin.
The hobgoblin is heavily wounded.
The hobgoblin barely misses you.
You hit the hobgoblin.
The hobgoblin is almost dead.
The hobgoblin hits you.
The hobgoblin hits you but does no damage.
You hit the hobgoblin.
You kill the hobgoblin!
Found a stone staircase leading down.
A ball python comes into view.
A ball python is nearby!
The ball python hisses angrily.
A rat comes into view.
The ball python barely misses you. The ball python closely misses you.
You barely miss the ball python. The ball python barely misses you.
The ball python misses you.
You hit the ball python.
You kill the ball python!
The rat closely misses you.
You hit the rat.
You kill the rat!
A bat comes into view.
The bat closely misses you. The bat closely misses you.
The bat hits you but does no damage.
You hit the bat but do no damage. The bat closely misses you.
The bat hits you but does no damage. x2
You closely miss the bat. The bat barely misses you. The bat hits you.
The bat closely misses you. The bat barely misses you.
You closely miss the bat. The bat hits you but does no damage. x2
The bat misses you. The bat barely misses you. The bat closely misses you.
You hit the bat.
You kill the bat!
You see here a bat corpse.
Found a scroll labelled TOFIYLL AHERUL.
f - a scroll labelled TOFIYLL AHERUL
Found a dagger.
A giant cockroach comes into view.
The giant cockroach barely misses you. The giant cockroach closely misses you.
You hit the giant cockroach.
The giant cockroach is moderately wounded.
The giant cockroach bites you but does no damage.
You hit the giant cockroach.
You kill the giant cockroach!
Key pressed, stopping explore.
A quokka comes into view.
The quokka bites you.
You hit the quokka.
The quokka is heavily wounded.
The quokka bites you but does no damage.
The quokka bites you.
You barely miss the quokka.
The quokka is heavily wounded.
The quokka barely misses you.
You closely miss the quokka.
The quokka is heavily wounded.
The quokka bites you.
The quokka bites you but does no damage.
You hit the quokka but do no damage.
The quokka is heavily wounded.
The quokka twitches its whiskers.
The quokka completely misses you.
You closely miss the quokka.
The quokka is heavily wounded.
The quokka bites you. The quokka closely misses you.
You hit the quokka.
The quokka is severely wounded.
The quokka closely misses you.
You closely miss the quokka.
The quokka is severely wounded.
The quokka bites you.
* * * LOW HITPOINT WARNING * * *
The quokka barely misses you.
You miss the quokka.
The quokka is severely wounded.
The quokka bites you.
* * * LOW HITPOINT WARNING * * *
You closely miss the quokka.
The quokka is severely wounded.
The quokka bites you.
* * * LOW HITPOINT WARNING * * *
You hit the quokka.
The quokka is almost dead.
The quokka bites you.
* * * LOW HITPOINT WARNING * * *
The quokka misses you.
You barely miss the quokka.
The quokka is almost dead.
The quokka barely misses you.
You barely miss the quokka.
The quokka is almost dead.
The quokka bites you.
You die...

#. ##.....#.#.
#..#######.#........
.......#..#.......
######..#.########.##
................^....
#######.#.#.#########
... #.#.#.# .....
#.#r###.#.#.# .....
#...@...#.#.. .....
###.#####.#### .....
.....)......# .....
#.#.......##.# .....
#.#..#######.# .....
# #. #.# ..... .. #.#
#.## #. #.# .## #.#
...


You could see a quokka.

Vanquished Creatures
  2 bats (D:1)
  An endoplasm (D:1)
  2 giant cockroaches (D:1)
  2 hobgoblins (D:1)
  A quokka (D:1)
  4 ball pythons (D:1)
  3 frilled lizards (D:1)
  2 kobolds (D:1)
  A rat (D:1)
18 creatures vanquished.

Notes
Turn   | Place    | Note
-------+----------+-------------------------------------------
     0 | D:1      | RascalDebosk the Djinni Warper began the quest for the Orb.
     0 | D:1      | RascalDebosk set off with the following spells memorised:
                  | Blink, Lesser Beckoning, Vhi's Electric Charge, Teleport
                  | Other, Manifold Assault.
     0 | D:1      | Reached XP level 1. HP: 18/18 MP: 0/0
   178 | D:1      | Reached XP level 2. HP: 22/23 MP: 0/0
   299 | D:1      | Reached skill level 3 in Spellcasting
   454 | D:1      | Slain by a quokka

Illustrated notes

Levels and vault maps discovered:
D:1:      matt_arrival_grand_opening, layout_basic, hangedman_feature_mirror

Skill      XL: |  1  2 |
---------------+-------+-----
Spellcasting   | 3 |  3.1
Fighting       | |  2.0
Long Blades    | |  1.7
Throwing       | |  0.7
Armour         | |  1.0
Dodging        | |  2.1

Action                     || total
---------------------------++-------
  Melee: Falchion          ||    84
         Punch             ||     1
 Armour: Leather armour    ||    30
  Dodge: Dodged            ||    84
